 Dungeon Crawl Stone Soup version 0.25.1-9-gc5326a611f (webtiles) character file.

Game seed: 7374651348579312828

114 pokeman the Magician (level 4, -2/25 HPs)
             Began as a Deep Elf Wizard on Dec 27, 2020.
             Killed by divine providence
             ... invoked by an orc priest
              (15 damage)
             ... on level 3 of the Dungeon.
             The game lasted 00:03:24 (2817 turns).

pokeman the Magician (Deep Elf Wizard)              Turns: 2817, Time: 00:03:25

Health: -2/25      AC:  3    Str:  4    XL:     4   Next: 67%
Magic:  1/13       EV: 12    Int: 24    God:
Gold:   115        SH:  0    Dex: 13    Spells: 3/14 levels left

rFire    . . .     SeeInvis .   k - +2 whip (distort)
rCold    . . .     Gourm    .   (no shield)
rNeg     . . .     Faith    .   e - +0 leather armour (curse)
rPois    .         Spirit   .   b - +0 hat
rElec    .         Reflect  .   (no cloak)
rCorr    .         Harm     .   (no gloves)
MR       .....                  (no boots)
Stlth    +++.......             (no amulet)
HPRegen  0.08/turn              m - ring of stealth
MPRegen  0.13/turn              (no ring)

@: very slightly contaminated
A: no striking features
a: no special abilities


You were on level 3 of the Dungeon.
You were not hungry.

You visited 1 branch of the dungeon, and saw 3 of its levels.

You collected 115 gold pieces.

Inventory:

Hand Weapons
 k - a +2 whip of distortion (weapon)
Missiles
 i - 40 bolts
 l - 21 arrows
Armour
 b - a +0 hat (worn)
 e - a cursed +0 leather armour (worn)
 n - a +0 buckler
Jewellery
 m - a ring of stealth (left hand)
Scrolls
 a - a scroll of noise {unknown}
 f - 2 scrolls of identify {unknown}
 o - a scroll of immolation {unknown}
 p - a scroll of teleportation {unknown}
 q - 2 scrolls of remove curse {unknown}
Potions
 c - 3 potions of heal wounds {unknown}
 g - a potion of magic {unknown}
 h - a potion of brilliance {unknown}
 j - a potion of mutation {unknown}
 s - a potion of stabbing {unknown}
Comestibles
 d - 8 rations
 r - a chunk of flesh


   Skills:
 - Level 1.0 Fighting
 - Level 1.0 Armour
 + Level 2.9 Dodging
 - Level 2.4 Stealth
 + Level 0.5 Shields
 * Level 5.8 Spellcasting
 + Level 2.4 Conjurations
 - Level 1.1 Summonings
 - Level 1.1 Translocations


You had 3 spell levels left.
You knew the following spells:

 Your Spells              Type           Power        Failure   Level  Hunger
a - Magic Dart            Conj           ###.         4%          1    None
b - Mephitic Cloud        Conj/Pois/Air  ##......     30%         3    #......
c - Call Imp              Summ           ##......     14%         2    None
d - Blink                 Tloc           N/A          14%         2    None
e - Conjure Flame         Conj/Fire      ##......     26%         3    #......

Your spell library contained the following spells:

 Spells                   Type           Power        Failure   Level  Hunger
 Slow                     Hex            #.......     22%         2    None


Dungeon Overview and Level Annotations

Branches:
Dungeon (3/15)

Altars:
Ashenzari


Message History

The orc's wounds heal themselves!
The orc hits the orc priest with a +0 trident.
You hit the orc but do no damage.
The orc is moderately wounded.
The orc blinks!
The orc priest closely misses you.
Casting: Mephitic Cloud (extremely dangerous; 30% risk of failure)
Confirm with . or Enter, or press ? or * to list all spells.
The spell is extremely dangerous to cast (30% risk of failure)!
Continue anyway?
Aiming: Mephitic Cloud (extremely dangerous; 30% risk of failure)
Press: ? - help, Shift-Dir - straight line, f - orc priest
Aim: an orc priest, wielding a +0 trident (moderately wounded)
You miscast Mephitic Cloud.
You are very lightly contaminated with residual magic.
Nothing appears to happen.
The orc priest invokes the aid of Beogh against you.
Beogh smites you!
The orc priest calls down the wrath of Beogh upon you.
Beogh smites you!
Ouch! That really hurt!
You die...

.........##..##..####.####
#####.#..##..#.....oo....#
#####.#..##..##..####.##.#
..................###.##.##
.######.......#.o.........#
#.........o.....##.## .
#........#..##†###.#
.######..###...[..##.# #.#
.........# ##..#@.##.# #.#
.##...#..# #..#..##. ...
..+...+..# #. #..... ...
.##...#..# #. ....... ...
.##...#..# # ...#####
......#..# #...# .##.###..#
#...# .##.# ... ..>.# .##.#


You could see an orc priest and an orc.

Vanquished Creatures
  A howler monkey (D:3)
  3 adders
  A worm (D:2)
  2 dart slugs (D:1)
  A leopard gecko (D:2)
  3 giant cockroaches
  5 goblins
  4 hobgoblins
  3 jackals (D:1)
  5 kobolds (D:1)
  A quokka (D:3)
  A ball python (D:1)
  3 bats (D:1)
  2 frilled lizards (D:3)
  4 rats
39 creatures vanquished.

Notes
Turn   | Place    | Note
-------+----------+-------------------------------------------
     0 | D:1      | pokeman the Deep Elf Wizard began the quest for the Orb.
     0 | D:1      | Reached XP level 1. HP: 10/10 MP: 7/7
   238 | D:1      | Reached XP level 2. HP: 16/16 MP: 4/9
   669 | D:1      | Reached skill level 5 in Spellcasting
  1186 | D:2      | Reached XP level 3. HP: 20/20 MP: 8/11
  1191 | D:2      | Learned a level 3 spell: Mephitic Cloud
  1194 | D:2      | Learned a level 2 spell: Call Imp
  1197 | D:2      | Learned a level 2 spell: Blink
  1201 | D:2      | Learned a level 3 spell: Conjure Flame
  1242 | D:2      | Found a shattered altar of Ashenzari.
  2126 | D:2      | Reached skill level 1 in Fighting
  2459 | D:3      | Reached skill level 1 in Armour
  2693 | D:3      | Reached XP level 4. HP: 25/25 MP: 8/13
  2817 | D:3      | Killed from afar by an orc priest

Illustrated notes

Levels and vault maps discovered:
D:1:      enne_arrival_octagon_isle, layout_loops_ring
D:2:      layout_basic, first_ration, evilmike_ruin_ashenzari
D:3:      layout_basic

Skill      XL: |  1  2  3 |
---------------+----------+-----
Spellcasting   | 5 |  5.8
Conjurations   | 2 |  2.4
Fighting       | 1 |  1.0
Armour         | 1 |  1.0
Dodging        | |  2.9
Stealth        | |  2.4
Shields        | |  0.5
Summonings     | |  1.1
Translocations | |  1.1

Action                   |  1- 3 |  4- 6 || total
-------------------------+-------+-------++-------
Melee: Whip              |     4 |     4 ||     8
 Cast: Magic Dart        |    95 |    14 ||   109
       Mephitic Cloud    |     2 |     1 ||     3
 Stab: Confused          |     2 |       ||     2
  Eat: Chunk             |     5 |     1 ||     6
Armor: Leather armour    |     1 |     1 ||     2
Dodge: Dodged            |     7 |     5 ||    12
